 Dungeon Crawl Stone Soup version 0.24-a0-725-gf1a930fc54 (webtiles) character file.

Game seed: 17509805791492510678, levelgen mode: deterministic

994 Erk the Skirmisher (level 8, -6/74 HPs)
             Began as a Hill Orc Fighter on Oct 1, 2019.
             Mangled by an ogre
             ... wielding a +0 giant spiked club
              (19 damage)
             ... on level 5 of the Dungeon.
             The game lasted 00:30:25 (4003 turns).

Erk the Skirmisher (Hill Orc Fighter)               Turns: 4003, Time: 00:30:26

Health: -6/74      AC: 10    Str: 21    XL:     8   Next: 19%
Magic:  8/8        EV:  7    Int:  8    God:
Gold:   239        SH: 10    Dex: 10    Spells: 7/7 levels left

rFire    . . .     SeeInvis .   a - +0 war axe
rCold    . . .     Gourm    .   c - +0 shield
rNeg     . . .     Faith    .   b - +0 scale mail
rPois    .         Spirit   .   w - +0 helmet (curse)
rElec    .         Reflect  .   (no cloak)
rCorr    .         Harm     .   z - +0 pair of gloves
MR       .....                  (no boots)
Stlth    ..........             (no amulet)
HPRegen  0.22/turn              (no ring)
MPRegen  0.11/turn              (no ring)

@: flying
A: no striking features
a: no special abilities


You were on level 5 of the Dungeon.
You were not hungry.

You visited 1 branch of the dungeon, and saw 5 of its levels.

You collected 239 gold pieces.

Inventory:

Hand Weapons
 a - a +0 war axe (weapon)
 m - a +0 dagger of venom
 o - a +3 mace
 s - a cursed -1 mace
 t - a +0 hunting sling
 B - a cursed +0 trident
 H - a +0 spear
 J - a +1 mace of holy wrath
 K - a +0 flail
Missiles
 e - 5 datura-tipped darts
 h - 122 stones (quivered)
 n - 60 sling bullets
 r - 2 javelins
 y - 17 poisoned darts
 O - a throwing net
Armour
 b - a +0 scale mail (worn)
 c - a +0 shield (worn)
 w - a cursed +0 helmet (worn)
 z - a +0 pair of gloves (worn)
 A - a +0 helmet
 F - a +0 leather armour of cold resistance
Jewellery
 i - an uncursed amulet of the acrobat {unknown}
 v - an uncursed amulet of faith {unknown}
 D - the ring of the Sun {MR+ Dex+4 SInv}
   (You took it off an orc on level 4 of the Dungeon)

   [ring of see invisible]

   It affects your dexterity (+4).
   It affects your resistance to hostile enchantments.
   It lets you see invisible.
 E - an uncursed ring of stealth {unknown}
Scrolls
 d - a scroll of remove curse {unknown}
 g - 6 scrolls of teleportation {unknown}
 k - 4 scrolls of identify {unknown}
 l - 3 scrolls of magic mapping {unknown}
 p - a scroll of fear {unknown}
 u - a scroll of fog {unknown}
 M - a scroll of random uselessness {unknown}
 N - a scroll of noise {unknown}
Potions
 j - a potion of flight
 q - a potion of brilliance {unknown}
 x - a potion of agility {unknown}
 C - 2 potions of cancellation {unknown}
 G - a potion of berserk rage {unknown}
 I - a potion of heal wounds {unknown}
Comestibles
 f - 10 rations
 L - 7 chunks of flesh


   Skills:
 * Level 7.9 Fighting
 - Level 2.6 Axes
 * Level 7.2 Armour
 + Level 5.4 Shields


You had 7 spell levels left.
You didn't know any spells.
Your spell library contained the following spells:

 Spells                   Type           Power        Failure   Level  Hunger
 Confusing Touch          Hex            #.....       98%         1    ##.....
 Confuse                  Hex            #.......     100%        3    ####...
 Gell's Gravitas          Tloc           #.........   100%        3    ####...
 Petrify                  Tmut/Erth      #.......     100%        4    #####..
 Metabolic Englaciation   Hex/Ice        #.........   100%        5    ######.
 Yara's Violent Unravell  Hex/Tmut       #.........   100%        5    ######.


Dungeon Overview and Level Annotations

Branches:
Dungeon (5/15)
 Temple: D:4-7

Altars:
Yredelemnul


Message History

You feel very buoyant.
You fly up into the air.
The adder barely misses you. The adder bites you but does no damage.
You slash the adder!
The adder is severely wounded.
You barely miss the ogre. The ogre closely misses you.
The adder closely misses you.
You barely miss the adder.
The adder is severely wounded.
You hit the ogre. The adder bites you but does no damage.
You block the ogre's attack. The adder bites you but does no damage.
You closely miss the adder.
The adder is severely wounded.
You barely miss the ogre. You block the adder's attack.
You block the ogre's attack. The adder bites you but does no damage.
You closely miss the adder.
The adder is severely wounded.
You closely miss the ogre. The adder bites you but does no damage.
The ogre hits you with a +0 giant spiked club!!
You die...

###### .....#### ######
........# #....#
..#...#.####### #....#
.#...#..#.....# #....# #
#...#...#.###.# #....##.##
.#...#..#.# #.# #.........
..#...#.#.###)###.....#.##
...............S@O........
#...#......##)######......
.#...#.....##.# .....
..#...#....##.# ##..
.#...#....<##.. .
#...#......#####
.............
..#...#..#.###
.#...#...#.#


You could see an ogre and an adder.

Vanquished Creatures
  A black bear (D:5)
  An ice beast (D:5)
  A howler monkey (D:5)
  A crimson imp (D:5)
  A centaur zombie (D:5)
  An orc wizard (D:4)
  2 hounds (D:5)
  4 orc priests (D:4)
  2 gnoll shamans (D:5)
  6 worker ants
  Robin (D:2)
  6 gnolls (D:5)
  12 adders
  A howler monkey skeleton (D:5)
  3 oozes
  An adder zombie (D:5)
  A worm (D:5)
  5 dart slugs
  A leopard gecko (D:1)
  12 orcs
  6 bats
  4 giant cockroaches
  14 goblins
  5 hobgoblins
  4 jackals
  A quokka (D:2)
  4 frilled lizards
  2 gnoll zombies (D:4)
  6 kobolds
  5 rats
114 creatures vanquished.

Notes
Turn   | Place    | Note
-------+----------+-------------------------------------------
     0 | D:1      | Erk the Hill Orc Fighter began the quest for the Orb.
     0 | D:1      | Reached XP level 1. HP: 19/19 MP: 1/1
    55 | D:1      | Reached XP level 2. HP: 23/27 MP: 2/2
   627 | D:1      | Reached XP level 3. HP: 27/33 MP: 3/3
  1105 | D:2      | Reached XP level 4. HP: 28/41 MP: 4/4
  1312 | D:2      | Noticed Robin
  1361 | D:2      | Killed Robin
  1361 | D:2      | Reached skill level 5 in Fighting
  1620 | D:2      | Reached XP level 5. HP: 48/48 MP: 5/5
  2269 | D:4      | Reached skill level 5 in Armour
  2270 | D:4      | Reached XP level 6. HP: 11/57 MP: 6/6
  3014 | D:4      | Identified the ring of the Sun {MR+ Dex+4 SInv}
  3071 | D:4      | Reached XP level 7. HP: 51/64 MP: 7/7
  3199 | D:4      | Found a basalt altar of Yredelemnul.
  3351 | D:5      | Entered Level 5 of the Dungeon
  3477 | D:5      | Reached skill level 5 in Shields
  3493 | D:5      | Reached XP level 8. HP: 39/73 MP: 8/8
  4003 | D:5      | Mangled by an ogre

Levels and vault maps discovered:
D:1:      psy_arrival_basics, layout_basic, feat_on_display
D:2:      layout_rooms, minmay_indecisive_spiral, uniq_robin
D:3:      layout_basic, chequers_serial_rivers_micro_d
D:4:      layout_cave_pools, lemuel_zombie_altar_yredelemnul, first_ration
D:5:      cheibrodos_fzero, layout_basic, lightli_temple_of_fire,
          grunt_temple_overflow_open, minmay_temple_entry_sparse_star, uniq_ijyb

Skill      XL: |  1  2  3  4  5  6  7  8 |
---------------+-------------------------+-----
Fighting       | 4 5 6 7 |  7.9
Armour         | 4 5 6 7 |  7.2
Shields        | 4 5 |  5.4
Axes           | |  2.6

Action                   |  1- 3 |  4- 6 |  7- 9 || total
-------------------------+-------+-------+-------++-------
Melee: War axe           |    96 |   200 |   152 ||   448
Throw: Stone             |    25 |       |       ||    25
  Use: Potion            |       |     4 |     4 ||     8
  Eat: Chunk             |     1 |     3 |     1 ||     5
       Ration            |       |     1 |     1 ||     2
Armor: Scale mail        |    83 |    86 |    61 ||   230
       Skin              |       |     4 |    87 ||    91
Dodge: Dodged            |    42 |    52 |    53 ||   147
Block: Shield            |    51 |   114 |   124 ||   289

Table legend:
 A = Non-vault XP
 B = Vault XP
 C = Vault XP percentage of total XP
 D = Non-vault monster count
 E = Vault monster count
 F = Vault count percentage of total count
                 A         B        C        D         E       F
            +---------+---------+-------+---------+---------+-------
      Total |     922 |     499 |  35.1 |      83 |      31 |  27.2
            +---------+---------+-------+---------+---------+-------
        D:1 |      49 |       0 |   0.0 |      22 |       0 |   0.0
        D:2 |      61 |      56 |  47.9 |      14 |      17 |  54.8
        D:3 |      55 |       0 |   0.0 |       9 |       0 |   0.0
        D:4 |     424 |       2 |   0.5 |      22 |       2 |   8.3
        D:5 |     333 |     441 |  57.0 |      16 |      12 |  42.9
            +---------+---------+-------+---------+---------+-------
